TOP OF THE 1ST |
Arizona Diamondbacks batting - Pitching for New York Mets : RHP Adam Plutko
|
Pitching: RHP Adam Plutko
|
|
Batting: LHB Odubel Herrera
|
0-0: Ball 1-0: Ground out 4-3 (Groundball, 4)
|
Batting: SHB Jed Lowrie
|
0-0: Swinging Strike 0-1: Foul Ball, location: 2F 0-2: Strikes out swinging
|
Batting: RHB Nolan Arenado
|
0-0: Called Strike 0-1: SOLO HOME RUN (Flyball, 7D), Distance : 379 ft
|
Batting: RHB Austin Hays
|
0-0: Swinging Strike 0-1: Called Strike 0-2: Ball 1-2: Strikes out swinging
|
Top of the 1st over - 1 run, 1 hit, 0 errors, 0 left on base; Arizona 1 - New York 0 |
BOTTOM OF THE 1ST |
New York Mets batting - Pitching for Arizona Diamondbacks : RHP Dinelson Lamet
|
Pitching: RHP Dinelson Lamet
|
|
Batting: SHB Ian Happ
|
0-0: Ball 1-0: Swinging Strike 1-1: Ball 2-1: Ball 3-1: Foul Ball, location: 2F 3-2: DOUBLE (Line Drive, 7LM)
|
Batting: RHB Starlin Castro
|
0-0: SINGLE (Line Drive, 9LM) Ian Happ to third
|
Batting: LHB Eddie Rosario
|
0-0: Called Strike 0-1: Ball 1-1: Ball 2-1: Ball 3-1: Foul Ball, location: 2F 3-2: Foul Ball, location: 2F 3-2: SINGLE (Line Drive, 78M) Ian Happ scores Starlin Castro to second
|
Batting: LHB Travis Shaw
|
0-0: Foul Ball, location: 2F 0-1: Foul Ball, location: 2F 0-2: Ball 1-2: Ball 2-2: Foul Ball, location: 2F 2-2: Foul Ball, location: 2F 2-2: Ball Wild Pitch! Starlin Castro to third Eddie Rosario to second 3-2: Base on Balls
|
Batting: LHB Gerardo Parra
|
0-0: Called Strike 0-1: Fly out, F8 (Flyball, 78D) Runner from 3rd tags up, SCORES, throw by CF
|
Batting: LHB Mitch Moreland
|
0-0: Ball 1-0: Foul Ball, location: 2F 1-1: Ball 2-1: Foul Ball, location: 2F 2-2: Fly out, F8 (Line Drive, 8RD)
|
Batting: RHB Salvador Perez
|
0-0: Called Strike 0-1: Fielders Choice at 2nd, 6-4 (Groundball, 6)
|
Bottom of the 1st over - 2 runs, 3 hits, 0 errors, 2 left on base; Arizona 1 - New York 2 |
TOP OF THE 2ND |
Arizona Diamondbacks batting - Pitching for New York Mets : RHP Adam Plutko
|
Batting: RHB Christian Walker
|
0-0: Ball 1-0: Ball 2-0: Ball 3-0: Called Strike 3-1: Foul Ball, location: 2F 3-2: Fly out, F8 (Flyball, 8LXD)
|
Batting: SHB Ben Zobrist
|
0-0: Foul Ball, location: 2F 0-1: Fly out, F9 (Flyball, 89M)
|
Batting: RHB Wilson Ramos
|
0-0: Called Strike 0-1: Swinging Strike 0-2: Ball 1-2: Strikes out swinging
|
Top of the 2nd over - 0 runs, 0 hits, 0 errors, 0 left on base; Arizona 1 - New York 2 |
BOTTOM OF THE 2ND |
New York Mets batting - Pitching for Arizona Diamondbacks : RHP Dinelson Lamet
|
Batting: RHB Nick Ahmed
|
0-0: Bunt for hit to 2R - play at first, batter safe!
|
Batting: RHB Adam Plutko
|
0-0: Sac Bunt to 3S - play at first, batter OUT! 3-4 Nick Ahmed to second
|
Batting: SHB Ian Happ
|
0-0: Fly out, F8 (Flyball, 8LS)
|
Batting: RHB Starlin Castro
|
0-0: Called Strike 0-1: Fly out, F3 (Line Drive, 3)
|
Bottom of the 2nd over - 0 runs, 1 hit, 0 errors, 1 left on base; Arizona 1 - New York 2 |
TOP OF THE 3RD |
Arizona Diamondbacks batting - Pitching for New York Mets : RHP Adam Plutko
|
Batting: RHB Tim Beckham
|
0-0: SOLO HOME RUN (Flyball, 7LD), Distance : 364 ft
|
Batting: RHB Dinelson Lamet
|
0-0: Ball 1-0: Ball 2-0: Foul Ball, location: 2F 2-1: Ground out 6-3 (Groundball, 6)
|
Batting: LHB Odubel Herrera
|
0-0: Ball 1-0: Ball 2-0: Bunt for hit to 25 - play at first, batter safe!
|
Batting: SHB Jed Lowrie
|
0-0: Ball 1-0: Ball 2-0: Fly out, F8 (Flyball, 89D)
|
Batting: RHB Nolan Arenado
|
0-0: Fly out, F4 (Popup, 6M)
|
Top of the 3rd over - 1 run, 2 hits, 0 errors, 1 left on base; Arizona 2 - New York 2 |
BOTTOM OF THE 3RD |
New York Mets batting - Pitching for Arizona Diamondbacks : RHP Dinelson Lamet
|
Batting: LHB Eddie Rosario
|
0-0: Ball 1-0: SINGLE (Groundball, 3D)
|
Batting: LHB Travis Shaw
|
0-0: Ball 1-0: Called Strike 1-1: Swinging Strike 1-2: Ball 2-2: Strikes out swinging
|
Batting: LHB Gerardo Parra
|
0-0: Called Strike 0-1: Ball 1-1: Swinging Strike 1-2: Ball 2-2: Strikes out looking
|
Batting: LHB Mitch Moreland
|
0-0: Ball Eddie Rosario steals 2nd base 1-0: Foul Ball, location: 2F 1-1: Fly out, F8 (Line Drive, 8RM)
|
Bottom of the 3rd over - 0 runs, 1 hit, 0 errors, 1 left on base; Arizona 2 - New York 2 |
TOP OF THE 4TH |
Arizona Diamondbacks batting - Pitching for New York Mets : RHP Adam Plutko
|
Batting: RHB Austin Hays
|
0-0: Called Strike 0-1: Fly out, F6 (Popup, 6D)
|
Batting: RHB Christian Walker
|
0-0: Ball 1-0: Called Strike 1-1: Ball 2-1: Swinging Strike 2-2: Foul Ball, location: 2F 2-2: SINGLE (Groundball, 6MD)
|
Batting: SHB Ben Zobrist
|
0-0: Foul Ball, location: 2F 0-1: Ball 1-1: Fly out, F7 (Flyball, 7S)
|
Batting: RHB Wilson Ramos
|
0-0: Called Strike 0-1: SINGLE (Groundball, 6MD) Christian Walker to second Runner from 2nd tries for 3rd, SAFE, throw by CF made to third
|
Batting: RHB Tim Beckham
|
0-0: Ball 1-0: Fly out, F7 (Line Drive, 7)
|
Top of the 4th over - 0 runs, 2 hits, 0 errors, 2 left on base; Arizona 2 - New York 2 |
BOTTOM OF THE 4TH |
New York Mets batting - Pitching for Arizona Diamondbacks : RHP Dinelson Lamet
|
Batting: RHB Salvador Perez
|
0-0: Ball 1-0: Swinging Strike 1-1: Ball 2-1: Foul Ball, location: 2F 2-2: Foul Ball, location: 2F 2-2: Fly out, F5 (Popup, 5SF)
|
Batting: RHB Nick Ahmed
|
0-0: Foul Ball, location: 2F 0-1: Foul Ball, location: 2F 0-2: Ball 1-2: Ball 2-2: Foul Ball, location: 2F 2-2: Strikes out swinging
|
Batting: RHB Adam Plutko
|
0-0: Called Strike 0-1: Ball 1-1: Swinging Strike 1-2: Ball 2-2: Ball 3-2: Strikes out looking
|
Bottom of the 4th over - 0 runs, 0 hits, 0 errors, 0 left on base; Arizona 2 - New York 2 |
TOP OF THE 5TH |
Arizona Diamondbacks batting - Pitching for New York Mets : RHP Adam Plutko
|
Batting: RHB Dinelson Lamet
|
0-0: Swinging Strike 0-1: Ground out 6-3 (Groundball, 6M)
|
Batting: LHB Odubel Herrera
|
0-0: Ball 1-0: Ball 2-0: Fly out, F8 (Flyball, 78M)
|
Batting: SHB Jed Lowrie
|
0-0: Foul Ball, location: 2F 0-1: Ball 1-1: Called Strike 1-2: Ground out 4-3 (Groundball, 34D)
|
Top of the 5th over - 0 runs, 0 hits, 0 errors, 0 left on base; Arizona 2 - New York 2 |
BOTTOM OF THE 5TH |
New York Mets batting - Pitching for Arizona Diamondbacks : RHP Dinelson Lamet
|
Batting: SHB Ian Happ
|
0-0: Ball 1-0: Called Strike 1-1: Swinging Strike 1-2: Strikes out looking
|
Batting: RHB Starlin Castro
|
0-0: Ball 1-0: Called Strike 1-1: Ball 2-1: Foul Ball, location: 2F 2-2: Ball 3-2: Base on Balls
|
Batting: LHB Eddie Rosario
|
0-0: Swinging Strike 0-1: Fielders Choice at 2nd, 5-4 (Groundball, 56)
|
Batting: LHB Travis Shaw
|
0-0: Ball 1-0: Called Strike 1-1: Ball 2-1: Foul Ball, location: 2F 2-2: Ground out 4-3 (Groundball, 34D)
|
Bottom of the 5th over - 0 runs, 0 hits, 0 errors, 1 left on base; Arizona 2 - New York 2 |
TOP OF THE 6TH |
Arizona Diamondbacks batting - Pitching for New York Mets : RHP Adam Plutko
|
Batting: RHB Nolan Arenado
|
0-0: Ground out 6-3 (Groundball, 6)
|
Batting: RHB Austin Hays
|
0-0: Ball 1-0: Single, Error in OF, E9, batter to second base (Line Drive, 34D)
|
Batting: RHB Christian Walker
|
0-0: Called Strike 0-1: Ball 1-1: Ball 2-1: Ball 3-1: Reached on error, E5 (Groundball, 56) Austin Hays to third
|
Batting: SHB Ben Zobrist
|
0-0: Foul Ball, location: 2F 0-1: Ball 1-1: Foul Ball, location: 2F 1-2: Ball 2-2: SINGLE (Line Drive, 7S) Austin Hays scores Christian Walker to second
|
Batting: RHB Wilson Ramos
|
0-0: 3-RUN HOME RUN (Flyball, 7D), Distance : 373 ft
|
Pitching: LHP Adam Liberatore
|
|
Batting: RHB Tim Beckham
|
0-0: Ground out 6-3 (Groundball, 6)
|
Pinch Hitting: SHB Ketel Marte
|
0-0: Called Strike 0-1: Ball 1-1: Ball 2-1: Swinging Strike 2-2: Foul Ball, location: 2F 2-2: Ball 3-2: Base on Balls
|
Batting: LHB Odubel Herrera
|
0-0: Ball 1-0: Called Strike 1-1: Ball 2-1: Ball 3-1: Called Strike 3-2: Foul Ball, location: 2F 3-2: Base on Balls Ketel Marte to second
|
Batting: SHB Jed Lowrie
|
0-0: Called Strike 0-1: Ball 1-1: Foul Ball, location: 2F 1-2: Strikes out looking
|
Top of the 6th over - 4 runs, 3 hits, 2 errors, 2 left on base; Arizona 6 - New York 2 |
BOTTOM OF THE 6TH |
New York Mets batting - Pitching for Arizona Diamondbacks : RHP Dinelson Lamet
|
Pitching: LHP Joe Thatcher
|
|
Batting: LHB Gerardo Parra
|
0-0: Ball 1-0: Ball 2-0: Fly out, F9 (Flyball, 9)
|
Pitching: RHP Nick Gardewine
|
|
Batting: LHB Mitch Moreland
|
0-0: Foul Ball, location: 2F 0-1: Ball 1-1: Foul Ball, location: 2F 1-2: Foul Ball, location: 2F 1-2: DOUBLE (Line Drive, 89M)
|
Batting: RHB Salvador Perez
|
0-0: Ball 1-0: Swinging Strike 1-1: Called Strike 1-2: Strikes out swinging
|
Batting: RHB Nick Ahmed
|
0-0: Called Strike 0-1: Ball 1-1: Swinging Strike 1-2: Ball 2-2: Foul Ball, location: 2F 2-2: Strikes out swinging
|
Bottom of the 6th over - 0 runs, 1 hit, 0 errors, 1 left on base; Arizona 6 - New York 2 |
TOP OF THE 7TH |
Arizona Diamondbacks batting - Pitching for New York Mets : LHP Adam Liberatore
|
Pitching: RHP Nick Wittgren
|
|
Batting: RHB Nolan Arenado
|
0-0: Called Strike 0-1: SINGLE (Flyball, 8RS)
|
Batting: RHB Austin Hays
|
0-0: Ball 1-0: Called Strike 1-1: Foul Ball, location: 2F 1-2: Ball 2-2: Strikes out swinging
|
Batting: RHB Christian Walker
|
0-0: Called Strike 0-1: Ball 1-1: SINGLE (Flyball, 7S) Nolan Arenado to second
|
Batting: SHB Ben Zobrist
|
0-0: Foul Ball, location: 2F 0-1: Fly out, F8 (Flyball, 89M)
|
Batting: RHB Wilson Ramos
|
0-0: Ball 1-0: Called Strike 1-1: Swinging Strike 1-2: Strikes out swinging, 2-3 out at first.
|
Top of the 7th over - 0 runs, 2 hits, 0 errors, 2 left on base; Arizona 6 - New York 2 |
BOTTOM OF THE 7TH |
New York Mets batting - Pitching for Arizona Diamondbacks : RHP Nick Gardewine
|
Pinch Hitting: LHB Scott Schebler
|
0-0: Ball 1-0: Swinging Strike 1-1: SINGLE (Line Drive, 9S)
|
Batting: SHB Ian Happ
|
0-0: Foul Ball, location: 2F 0-1: Called Strike 0-2: Strikes out swinging
|
Batting: RHB Starlin Castro
|
0-0: Ball 1-0: Ball 2-0: Foul Ball, location: 2F 2-1: Foul Ball, location: 2F 2-2: Fly out, F8 (Flyball, 8RM)
|
Batting: LHB Eddie Rosario
|
Pickoff Throw to First - Error! E1 Scott Schebler to second 0-0: Called Strike 0-1: Foul Ball, location: 2F 0-2: Strikes out swinging
|
Bottom of the 7th over - 0 runs, 1 hit, 1 error, 1 left on base; Arizona 6 - New York 2 |
TOP OF THE 8TH |
Arizona Diamondbacks batting - Pitching for New York Mets : RHP Nick Wittgren
|
Pitching: RHP Jose Taveras
|
|
Batting: RHB Tim Beckham
|
0-0: Called Strike 0-1: Ball 1-1: Called Strike 1-2: Strikes out swinging
|
Pinch Hitting: SHB Jhoan Urena
|
0-0: Ground out 5-3 (Groundball, 56)
|
Batting: LHB Odubel Herrera
|
0-0: Hit by Pitch
|
Batting: SHB Jed Lowrie
|
0-0: Ball 1-0: Ball 2-0: Swinging Strike 2-1: Ball 3-1: Ground out 4-3 (Groundball, 4D)
|
Top of the 8th over - 0 runs, 0 hits, 0 errors, 1 left on base; Arizona 6 - New York 2 |
BOTTOM OF THE 8TH |
New York Mets batting - Pitching for Arizona Diamondbacks : RHP Nick Gardewine
|
Pitching: RHP Riley Ferrell
|
|
Batting: LHB Travis Shaw
|
0-0: Ball 1-0: SINGLE (Groundball, 34D)
|
Batting: LHB Gerardo Parra
|
0-0: Called Strike 0-1: Foul Ball, location: 2F 0-2: Ball 1-2: Grounds into double play, 4-6-3 (Groundball, 4)
|
Batting: LHB Mitch Moreland
|
0-0: Called Strike 0-1: Ball 1-1: Ball 2-1: Ball 3-1: Base on Balls
|
Batting: RHB Salvador Perez
|
0-0: Ball 1-0: Fly out, F8 (Flyball, 8LM)
|
Bottom of the 8th over - 0 runs, 1 hit, 0 errors, 1 left on base; Arizona 6 - New York 2 |
TOP OF THE 9TH |
Arizona Diamondbacks batting - Pitching for New York Mets : RHP Jose Taveras
|
Batting: RHB Nolan Arenado
|
0-0: Foul Ball, location: 2F 0-1: Swinging Strike 0-2: Ball 1-2: Strikes out swinging
|
Batting: RHB Austin Hays
|
0-0: Called Strike 0-1: SOLO HOME RUN (Flyball, 7D), Distance : 365 ft
|
Batting: RHB Christian Walker
|
0-0: Ground out 6-3 (Groundball, 56)
|
Batting: SHB Ben Zobrist
|
0-0: DOUBLE (Flyball, 8RXD)
|
Batting: RHB Wilson Ramos
|
0-0: Foul Ball, location: 2F 0-1: Ground out 6-3 (Groundball, 6)
|
Top of the 9th over - 1 run, 2 hits, 0 errors, 1 left on base; Arizona 7 - New York 2 |
BOTTOM OF THE 9TH |
New York Mets batting - Pitching for Arizona Diamondbacks : RHP Riley Ferrell
|
Batting: RHB Nick Ahmed
|
0-0: SINGLE (Groundball, 4MD)
|
Pinch Hitting: SHB Jonathan Villar
|
0-0: Ball 1-0: Foul Ball, location: 2F 1-1: SINGLE (Groundball, 4D) Nick Ahmed to second
|
Batting: SHB Ian Happ
|
0-0: Fly out, F7 (Flyball, 7D) Runner from 2nd tags up, SAFE at 3rd, no throw by LF
|
Batting: RHB Starlin Castro
|
0-0: Ball 1-0: Fly out, F6 (Popup, 6MD)
|
Batting: LHB Eddie Rosario
|
0-0: Ball 1-0: Ball 2-0: Ball 3-0: Base on Balls Jonathan Villar to second
|
Pitching: RHP Shawn Armstrong
|
|
Batting: LHB Travis Shaw
|
0-0: Called Strike 0-1: SINGLE (Line Drive, 78M) Nick Ahmed scores Jonathan Villar to third Eddie Rosario to second
|
Batting: LHB Gerardo Parra
|
0-0: Swinging Strike 0-1: Ball 1-1: Foul Ball, location: 2F 1-2: Strikes out swinging
|
Bottom of the 9th over - 1 run, 3 hits, 0 errors, 3 left on base; Arizona 7 - New York 3 |
|